 Dungeon Crawl Stone Soup version 0.25-a0-940-gc6eaff51cc (webtiles) character file.

Game seed: 6951898765119107373, levelgen mode: deterministic

43393 HoaS the Warrior (level 14, -2/102 HPs)
             Began as a Gargoyle Berserker on May 5, 2020.
             Was a High Priest of Trog.
             Slain by a spatial maelstrom (5 damage)
             ... on level 3 of the Abyss.
             The game lasted 00:52:10 (19074 turns).

HoaS the Warrior (Gargoyle Berserker)              Turns: 19074, Time: 00:52:11

Health: -2/102     AC: 28    Str: 24    XL:     14   Next: 24%
Magic:  14/14      EV:  7    Int: 12    God:    Trog [*****.]
Gold:   4009       SH:  3    Dex: 13    Spells: 13/13 levels left

rFire    . . .     SeeInvis .     - Unarmed
rCold    . . .     Gourm    .   (no shield)
rNeg     + . .     Faith    .   G - +1 plate armour of Gravitas {+Blink Int+3} (curse)
rPois    ∞         Spirit   .   F - +1 hat {MR+}
rElec    +         Reflect  +   (no cloak)
rCorr    .         Harm     .   (no gloves)
MR       ++...                  j - +0 pair of boots
Stlth    ..........             u - +3 amulet of reflection
HPRegen  0.27/turn              J - +2 ring of protection
MPRegen  0.14/turn              x - +3 ring of strength

@: berserk cooldown, flying, slowed, studying 2 skills, very slow
A: big wings, negative energy resistance 1, electricity resistance, unbreathing,
petrification resistance, rot immunity, AC +10
a: Stop Flying, Berserk, Trog's Hand, Brothers in Arms, Renounce Religion, Evoke
Blink


You were on level 3 of the Abyss.
You worshipped Trog.
Trog was extremely pleased with you.
You were hungry.

You visited 2 branches of the dungeon, and saw 16 of its levels.
You visited the Abyss 1 time.
You also visited: Bailey.

You collected 4159 gold pieces.
You spent 150 gold pieces at shops.

Inventory:

Missiles
 i - 7 atropa-tipped darts
 p - 57 poisoned darts (quivered)
 E - 5 curare-tipped darts
Armour
 e - a +2 helmet
 j - a +0 pair of boots (worn)
 F - a +1 hat of magic resistance (worn)
 G - the cursed +1 plate armour of Gravitas (worn) {+Blink Int+3}
   (You found it on level 8 of the Dungeon)

   It affects your intelligence (+3).
   It lets you blink.
   It has a curse placed upon it.
Jewellery
 o - an uncursed ring of see invisible
 u - a +3 amulet of reflection (around neck)
 w - an uncursed ring of resist corrosion
 x - a +3 ring of strength (right hand)
 I - an uncursed ring of stealth
 J - a +2 ring of protection (left hand)
Wands
 k - a wand of paralysis (10)
 s - a wand of digging (3)
 z - a wand of enslavement (15)
 A - a wand of polymorph (8)
 C - a wand of clouds (6)
 D - a wand of acid (11)
Scrolls
 c - 11 scrolls of remove curse
 m - 3 scrolls of teleportation
 q - a scroll of enchant armour
 t - a scroll of fear
 y - a scroll of identify
Potions
 a - 6 potions of curing
 f - 2 potions of berserk rage
 g - 6 potions of heal wounds
 h - a potion of haste
 n - 2 potions of lignification
 r - 2 potions of magic
 v - 4 potions of stabbing
 B - a potion of cancellation
 K - 2 potions of resistance
Books
 H - a manual of
Armour
 L - a manual of Fighting
Miscellaneous
 d - a tin of tremorstones
Comestibles
 b - 26 rations
 l - 3 chunks of flesh


   Skills:
 + Level 17.2 Fighting
 - Level 6.0 Armour
 - Level 1.5 Dodging
 * Level 16.7 Unarmed Combat


You had 13 spell levels left.
You didn't know any spells.
Your spell library was empty.

Dungeon Overview and Level Annotations

Branches:
Dungeon (10/15)            Temple (0/1) D:6            Lair (6/6) D:10
 Shoals (0/4) Lair:2        Snake (0/4) Lair:2        Slime (0/5) Lair:6
 Bailey (visited)
    Orc: D:9-12

Altars:
Ashenzari
Cheibriados
Hepliaklqana
Makhleb
Okawaru
Sif Muna
Yredelemnul
Zin
The Shining One
Beogh
Jiyva

Shops:
D:4 =

Annotations:
Lair:6 Rupert


Innate Abilities, Weirdness & Mutations

You are resistant to torment.
Your stone body is resilient. (AC +10)
You are immune to poison.
Your large and strong wings let you fly indefinitely.
You resist negative energy. (rN+)
You are resistant to electric shocks. (rElec)
You can survive without breathing.
You are immune to petrification.
You are immune to rotting.


Message History

A bone dragon and 5 spatial vortices come into view.
The spatial maelstrom hits you but does no damage. x2
The spatial maelstrom barely misses you.
The spatial maelstrom hits you but does no damage. x2
The spatial maelstrom barely misses you.
The spatial maelstrom hits you but does no damage.
The spatial maelstrom closely misses you.
A large abomination comes into view.
A spatial vortex comes into view.
The eye of draining turns its gaze towards you.
The spatial maelstrom barely misses you.
The spatial maelstrom closely misses you.
The spatial maelstrom hits you but does no damage.
The spatial maelstrom barely misses you.
The spatial maelstrom hits you but does no damage. x2
The worldbinder calls forth creatures from the Vaults!
The spatial maelstrom hits you.
* * * LOW HITPOINT WARNING * * *
Space bends around you.
You die... #vφv### ....# ..v.v## ....# . #.vvvv#

....#.. ##..vvv
.∩.....
##$vv.v#.......
# .#vvvv.....#.
#.vD#vvvv......
#.D.v@.v.v...
..v..#v#.......
....vD# .......
...p.x .......


X.#pG ..##... ..... ..# .. #... #.. . .... #.. You could see 3 bone dragons, 2
ironheart preservers, 6 spatial maelstroms, 23 spatial vortices, a large
abomination, a worldbinder and an eye of draining.

Vanquished Creatures
  Gastronok (D:10)
  Kirke (Lair:4)
  Harold (D:9)
  A yaktaur captain (D:8)
  An ice dragon (D:8)
  4 hydras
  3 two-headed ogres
  A catoblepas (Lair:2)
  A death yak (D:10)
  3 unseen horrors
  2 manticores
  The ghost of Lanoc the Firebug, a novice HuFE of Sif Muna (D:6)
  5 black mambas
  An elephant (D:10)
  12 spiny frogs
  A torpor snail (Lair:2)
  A rime drake (Lair:3)
  7 komodo dragons
  A hornet (D:10)
  2 polar bears
  16 dream sheep
  A slime creature (D:8)
  8 hippogriffs
  10 blink frogs
  2 shadows (D:8)
  22 yaks
  Sigmund (D:2)
  A wyvern (Lair:2)
  Grum (D:10)
  3 hogs (Lair:4)
  4 basilisks
  A warg (D:6)
  A soldier ant (D:5)
  4 nagas
  5 porcupines
  14 water moccasins
  A black bear (D:7)
  8 orc warriors
  An eye of draining (D:8)
  2 phantoms
  A sky beast (D:9)
  14 wolves
  3 centaurs
  16 crocodiles
  4 ogres
  18 bullfrogs
  4 scorpions
  7 killer bees
  2 howler monkeys
  7 electric eels
  5 crimson imps
  A jelly (D:7)
  13 orc wizards
  4 orc priests
  4 hounds
  A bullfrog skeleton (D:8)
  2 iguanas
  Ijyb (D:4)
  2 centaur skeletons
  10 worker ants
  A hound zombie (D:6)
  A hound skeleton (D:10)
  A worker ant zombie (D:7)
  12 adders
  4 gnolls (D:3)
  5 shadow imps
  A worker ant simulacrum (D:8)
  2 oozes (D:1)
  3 adder skeletons
  3 worms
  2 dart slugs
  3 leopard geckos
  39 orcs
  10 giant cockroaches
  6 goblins
  9 hobgoblins
  9 jackals
  15 kobolds
  7 quokkas
  2 ball pythons
  7 bats
  9 frilled lizards
  9 rats
435 creatures vanquished.

Vanquished Creatures (others)
  2 kobolds (Bailey)
  7 fungi
  9 plants
18 creatures vanquished.

Grand Total: 453 creatures vanquished

Notes
Turn   | Place    | Note
-------+----------+-------------------------------------------
     0 | D:1      | HoaS the Gargoyle Berserker began the quest for the Orb.
     0 | D:1      | Reached XP level 1. HP: 14/14 MP: 1/1
   217 | D:1      | Reached XP level 2. HP: 19/19 MP: 2/2
   444 | D:1      | Reached XP level 3. HP: 24/24 MP: 3/3
   794 | D:2      | Reached ** piety under Trog
  1138 | D:2      | Reached skill level 4 in Fighting
  1253 | D:2      | Reached XP level 4. HP: 27/29 MP: 4/4
  1291 | D:2      | Noticed Sigmund
  1300 | D:2      | Killed Sigmund
  1300 | D:2      | Reached skill level 5 in Unarmed Combat
  1300 | D:2      | Reached XP level 5. HP: 34/34 MP: 5/5
  1451 | D:2      | Found a faded altar of an unknown god.
  1750 | D:3      | Reached XP level 6. HP: 40/40 MP: 6/6
  1845 | D:3      | Reached skill level 5 in Fighting
  1936 | D:3      | Found a burning altar of Makhleb.
  1936 | D:3      | Noticed a balrug
  2232 | D:3      | Noticed a phantom
  2247 | D:3      | Killed a phantom
  2326 | D:3      | Noticed an orc warrior
  2363 | D:3      | Killed an orc warrior
  2363 | D:3      | Reached XP level 7. HP: 22/44 MP: 7/7
  2849 | D:3      | Reached *** piety under Trog
  2955 | D:3      | You fall into a shaft and drop 3 floors!
  2981 | D:5      | Entered Level 5 of the Dungeon
  2981 | D:5      | Found a shattered altar of Ashenzari.
  2998 | D:5      | Reached skill level 6 in Fighting
  3018 | D:5      | Found a hazy altar of Hepliaklqana.
  3100 | D:5      | Found an iron altar of Okawaru.
  3184 | D:4      | Found Lynoph's Jewellery Shoppe.
  3195 | D:4      | Bought an uncursed ring of see invisible for 150 gold
                  | pieces
  3296 | D:4      | Reached XP level 8. HP: 52/52 MP: 8/8
  3578 | D:4      | Noticed Ijyb
  3604 | D:4      | Killed Ijyb
  4120 | D:5      | Found a runed translucent door.
  4139 | D:5      | Found a runed translucent door.
  4456 | D:6      | Reached skill level 7 in Fighting
  4560 | D:6      | Found a staircase to the Ecumenical Temple.
  4583 | D:6      | Found a shattered altar of Ashenzari.
  4763 | D:6      | Found a shimmering blue altar of Sif Muna.
  5115 | D:6      | Found a runed translucent gate.
  5119 | D:6      | Found a runed translucent gate.
  5121 | D:6      | Found a runed translucent gate.
  5122 | D:6      | Noticed Lanoc's ghost (novice HuFE)
  5134 | D:6      | Reached **** piety under Trog
  5238 | D:6      | Found a roughly hewn altar of Beogh.
  5456 | D:5      | Reached XP level 9. HP: 58/58 MP: 9/9
  5531 | D:7      | Reached skill level 8 in Fighting
  5628 | D:7      | Reached skill level 10 in Unarmed Combat
  6389 | D:7      | Found a glowing silver altar of Zin.
  6818 | D:8      | Noticed a two-headed ogre
  6827 | D:8      | Killed a two-headed ogre
  6827 | D:8      | Reached skill level 9 in Fighting
  6827 | D:8      | Reached XP level 10. HP: 66/66 MP: 10/10
  7016 | D:8      | Found a flagged portal.
  7024 | Bailey   | Entered a bailey
  7143 | Bailey   | Reached ***** piety under Trog
  7204 | Bailey   | Found an iron altar of Okawaru.
  7541 | D:8      | Found a glowing golden altar of the Shining One.
  7543 | D:8      | Found a snail-covered altar of Cheibriados.
  7572 | D:8      | Found a basalt altar of Yredelemnul.
  7769 | D:8      | Found a runed translucent door.
  7769 | D:8      | Noticed an ice dragon
  7771 | D:8      | Noticed a yaktaur captain
  8045 | D:6      | Killed Lanoc's ghost
  8045 | D:6      | Reached skill level 10 in Fighting
  8691 | D:9      | Reached skill level 11 in Fighting
  8823 | D:9      | Noticed a manticore
  8834 | D:9      | Killed a manticore
  9564 | D:9      | Reached skill level 12 in Fighting
  9585 | D:9      | Found a basalt altar of Yredelemnul.
  9744 | D:10     | Entered Level 10 of the Dungeon
  9744 | D:10     | Noticed Grum
  9916 | D:9      | Reached XP level 11. HP: 66/76 MP: 11/11
  9935 | D:10     | Noticed Harold
 10280 | D:9      | Killed Harold
 10364 | D:10     | Killed Grum
 10378 | D:10     | Noticed a two-headed ogre
 10497 | D:9      | Killed a two-headed ogre
 10497 | D:9      | Reached skill level 5 in Armour
 10824 | D:10     | Noticed a two-headed ogre
 10837 | D:10     | HP: 5/114 [two-headed ogre/+0 giant club (6)]
 10839 | D:10     | Killed a two-headed ogre
 11321 | D:10     | Killed an unseen horror
 11321 | D:10     | Reached skill level 13 in Fighting
 11454 | D:10     | Noticed a manticore
 11458 | D:10     | Killed a manticore
 11654 | D:10     | Found a staircase to the Lair.
 11656 | D:10     | Noticed a death yak
 11660 | D:10     | Noticed Gastronok
 11672 | D:10     | Killed a death yak
 11679 | D:10     | Killed Gastronok
 11679 | D:10     | Reached XP level 12. HP: 84/84 MP: 12/12
 11936 | D:8      | Killed a yaktaur captain
 11958 | D:8      | Killed an ice dragon
 11958 | D:8      | Reached skill level 14 in Fighting
 11991 | D:8      | Got a translucent plate armour
 12297 | D:8      | Identified the cursed +1 plate armour of Gravitas {+Blink
                  | Int+3} (You found it on level 8 of the Dungeon)
 12368 | Lair:1   | Entered Level 1 of the Lair of Beasts
 13380 | Lair:2   | Reached ****** piety under Trog
 13671 | Lair:2   | Reached skill level 15 in Fighting
 13815 | Lair:2   | Reached XP level 13. HP: 82/92 MP: 13/13
 13914 | Lair:2   | Found a staircase to the Shoals.
 14333 | Lair:2   | Reached skill level 15 in Unarmed Combat
 14338 | Lair:2   | Received a gift from Trog
 14526 | Lair:2   | Found a staircase to the Snake Pit.
 16253 | Lair:4   | Reached skill level 16 in Fighting
 16855 | Lair:4   | Noticed Kirke
 16881 | Lair:4   | Killed Kirke
 17018 | Lair:4   | Received a gift from Trog
 17837 | Lair:5   | Gained mutation: Your large and strong wings let you fly
                  | indefinitely. [Gargoyle growth]
 17837 | Lair:5   | Reached XP level 14. HP: 79/100 MP: 14/14
 17939 | Lair:5   | Identified 3 scrolls of acquirement
 17941 | Lair:5   | Identified the +7 rapier "Piety" {vorpal, rF+ Int+4} (You
                  | acquired it on level 5 of the Lair of Beasts)
 18105 | Lair:5   | You are sucked into a shaft and drop 1 floor!
 18105 | Lair:6   | Entered Level 6 of the Lair of Beasts
 18315 | Lair:5   | Reached skill level 17 in Fighting
 18990 | Lair:6   | Found a viscous altar of Jiyva.
 18990 | Lair:6   | Found a staircase to the Slime Pits.
 18999 | Lair:6   | Noticed Rupert
 19068 | Lair:6   | Cast into level 3 of the Abyss (Rupert)
 19069 | Abyss:3  | Noticed a bone dragon
 19069 | Abyss:3  | Noticed a bone dragon
 19072 | Abyss:3  | HP: 4/102 [spatial maelstrom (7)]
 19073 | Abyss:3  | Noticed a bone dragon
 19074 | Abyss:3  | Slain by a spatial maelstrom

Levels and vault maps discovered:
D:1:      lightli_molten_gateway, layout_rooms
D:2:      layout_loops_corners, chequers_ecumenical_altar_lobes, first_ration,
          uniq_sigmund
D:3:      layout_loops_corners, makhleb_altar_promises_db
D:4:      layout_basic, serial_shops, nicolae_shop_crystal, uniq_ijyb
D:5:      lemuel_insect_pit, layout_basic, lemuel_crystal_altar,
          evilmike_ruin_ashenzari, okawaru_trees_2
D:6:      layout_loops_corners, led_sif_pool,
          minmay_temple_entry_drinking_statues, basic_altar,
          biasface_ghost_orc_armoury
D:7:      layout_gridville, zin_scriptorium
D:8:      minmay_gate_of_8, layout_basic, lemuel_coloured_pillars_altar,
          nicolae_overflow_hidden_temple, enter_bailey_2
D:9:      cheibrodos_two_vegetables, layout_loops_ring, basic_altar
D:10:     minmay_the_grid_octo_triangle [minmay_the_grid_octo_focus,
          minmay_the_grid_octo_prize_single_spiral,
          minmay_the_grid_octo_thin_diamonds], layout_cross, david_lair_generic,
          uniq_gastronok, uniq_grum, uniq_harold
Lair:1:   layout_roguey, infiniplex_staircase_pool_2
Lair:2:   layout_cave_pods, shoals_dummy_entry, guppyfry_snake_entry_garden,
          serial_bayou_pond_b, minmay_shattered_shrine
Lair:3:   layout_loops_ring, grunt_megastairs_3
Lair:4:   layout_cave_pods, uniq_kirke
Lair:5:   layout_hall_layers
Lair:6:   grunt_lair_end_beastmaster, layout_hall_layers, slime_altar_1,
          chequers_serial_rivers_large_a, st_stairs_10, worms_lemuel,
          uniq_rupert
Abyss:3:  base: D:8, evilmike_nicolae_abyss_rune_containment_curve

Skill      XL: |  1  2  3  4  5  6  7  8  9 10 11 12 13 14 |
---------------+-------------------------------------------+-----
Unarmed Combat | 4 5 6 7 9 11 12 13 14 16 | 16.7
Fighting       | 4 5 6 7 9 12 13 15 16 17 | 17.2
Armour         | 3 6 |  6.0
Dodging        | |  1.5

Action                   |  1- 3 |  4- 6 |  7- 9 | 10-12 | 13-15 || total
-------------------------+-------+-------+-------+-------+-------++-------
Melee: Unarmed           |   150 |   146 |   440 |   684 |   482 ||  1902
       Punch             |     1 |     4 |    13 |    44 |    37 ||    99
Throw: Dart              |       |       |       |    20 |     2 ||    22
Invok: Berserk           |       |     2 |     1 |     3 |     1 ||     7
       Trog's Hand       |       |     1 |     1 |     4 |     1 ||     7
 Abil: Fly               |       |       |       |       |     1 ||     1
Evoke: Wand              |       |       |     1 |       |     3 ||     4
  Use: Scroll            |       |       |    12 |     7 |    11 ||    30
  Eat: Chunk             |     1 |     5 |    15 |    22 |    18 ||    61
       Ration            |       |       |       |     2 |       ||     2
Armor: Animal skin       |     2 |       |       |       |       ||     2
       Chain mail        |    88 |    92 |     1 |       |       ||   181
       Plate armour      |       |       |   274 |   490 |   353 ||  1117
Dodge: Dodged            |    77 |    55 |   113 |   191 |   143 ||   579
Block: Other             |       |       |    20 |    45 |    43 ||   108
       Reflection        |       |       |     1 |    11 |       ||    12

Table legend:
 A = Non-vault XP
 B = Vault XP
 C = Vault XP percentage of total XP
 D = Non-vault monster count
 E = Vault monster count
 F = Vault count percentage of total count
                 A         B        C        D         E       F
            +---------+---------+-------+---------+---------+-------
      Total |   36779 |   25212 |  40.7 |     326 |     111 |  25.4
            +---------+---------+-------+---------+---------+-------
        D:1 |      48 |       0 |   0.0 |      23 |       0 |   0.0
        D:2 |      49 |     212 |  81.2 |      19 |       1 |   5.0
        D:3 |     563 |       0 |   0.0 |      45 |       0 |   0.0
        D:4 |     241 |      36 |  13.0 |       7 |       1 |  12.5
        D:5 |     474 |     339 |  41.7 |      13 |      11 |  45.8
        D:6 |     413 |     889 |  68.3 |      14 |      11 |  44.0
        D:7 |     952 |       0 |   0.0 |      27 |       0 |   0.0
        D:8 |    1682 |    4134 |  71.1 |      19 |       8 |  29.6
        D:9 |    2551 |    3503 |  57.9 |      27 |      17 |  38.6
       D:10 |    1668 |    5832 |  77.8 |      14 |      17 |  54.8
     Lair:1 |    3831 |       0 |   0.0 |      18 |       0 |   0.0
     Lair:2 |    3694 |    4847 |  56.7 |      16 |      14 |  46.7
     Lair:3 |    3286 |    1926 |  37.0 |      18 |       7 |  28.0
     Lair:4 |    6750 |    2606 |  27.9 |      24 |       4 |  14.3
     Lair:5 |    8699 |       0 |   0.0 |      36 |       0 |   0.0
     Lair:6 |    1878 |     460 |  19.7 |       6 |       4 |  40.0
     Bailey |       0 |     428 | 100.0 |       0 |      16 | 100.0
            +---------+---------+-------+---------+---------+-------
